 Dungeon Crawl Stone Soup version 0.24.0-41-g2ae2f7f1be (webtiles) character file.

Game seed: 15373113657078025194, levelgen mode: deterministic

53 DildoBatman the Magician (level 4, 0/30 HPs)
             Began as a Formicid Wizard on Dec 13, 2019.
             Slain by an adder (4 damage)
             ... on level 2 of the Dungeon.
             The game lasted 00:03:09 (1703 turns).

DildoBatman the Magician (Formicid Wizard)          Turns: 1703, Time: 00:03:10

Health: 0/30       AC:  2    Str: 11    XL:     4   Next: 10%
Magic:  0/8        EV: 12    Int: 24    God:
Gold:   0          SH:  0    Dex:  9    Spells: 2/9 levels left

rFire    . . .     SeeInvis +   b - +0 short sword
rCold    + . .     Gourm    .   (no shield)
rNeg     . . .     Faith    .   a - +0 robe
rPois    .         Spirit   .   (helmet unavailable)
rElec    .         Reflect  .   (no cloak)
rCorr    .         Harm     .   (no gloves)
MR       .....                  (no boots)
Stlth    ++........             (no amulet)
HPRegen  0.10/turn              (no ring)
MPRegen  0.11/turn              (no ring)

@: brilliant, lethally poisoned (0 -> -1)
A: permanent stasis, dig shafts and tunnels, four strong arms, antennae 3, cold
resistance 1, low mp 1
a: Dig, Shaft Self


You were on level 2 of the Dungeon.
You were not hungry.

You visited 1 branch of the dungeon, and saw 2 of its levels.

Inventory:

Hand Weapons
 b - a +0 short sword (weapon)
Missiles
 c - 26 arrows
 d - 31 sling bullets
 g - 2 stones (quivered)
Armour
 a - a +0 robe (worn)
Scrolls
 e - a scroll of fog {unknown}
 f - a scroll of identify {unknown}
Comestibles
 i - 4 chunks of flesh
 v - 4 rations


   Skills:
 - Level 1.7 Dodging
 - Level 2.4 Stealth
 - Level 3.2 Spellcasting
 * Level 3.2 Conjurations
   Level 1.0 Summonings
   Level 0.8 Translocations


You had 2 spell levels left.
You knew the following spells:

 Your Spells              Type           Power        Failure   Level  Hunger
a - Conjure Flame         Conj/Fire      ####....     1%          3    ###....
c - Magic Dart            Conj           ####         1%          1    None
e - Mephitic Cloud        Conj/Pois/Air  ###.....     2%          3    ###....

Your spell library contained the following spells:

 Spells                   Type           Power        Failure   Level  Hunger
 Call Imp                 Summ           ###.....     1%          2    ##.....
 Slow                     Hex            ###.....     1%          2    ##.....
 Blink                    Tloc           Unusable     N/A         2    N/A

Dungeon Overview and Level Annotations

Branches:
Dungeon (2/15)

Altars:

Annotations:
D:1 exclusion: sensed monster (detected)


Innate Abilities, Weirdness & Mutations

You cannot be hasted, slowed, berserked, paralysed or teleported.
You can dig through walls and to a lower floor.
Your four strong arms can wield two-handed weapons with a shield.
You have a pair of large antennae on your head. (SInv)
Your flesh is cold resistant. (rC+)
Your magical capacity is low. (-10% MP)


Message History

The adder barely misses you.
It was a potion of mutation.
You feel extremely strange.
You feel less energetic.
You feel resistant to cold.
You feel sick. The adder bites you but does no damage.
The adder closely misses you.
Casting: Magic Dart (safe; 1% risk of failure)
Confirm with . or Enter, or press ? or * to list all spells.
Aiming: Magic Dart (safe; 1% risk of failure)
Press: ? - help, Shift-Dir - straight line, f/p - adder
Aim: an adder (heavily wounded)
The magic dart hits the adder.
The adder is almost dead.
The adder closely misses you. The adder bites you.
You feel sick. The adder bites you.
You die...

♣♣ ♣.♣♣ .##
... .. ..♣ .#
♣.. #.# ♣..
..# ♣.♣♣ .###
♣.@♣ .. ...#
♣.S♣♣ ♣.♣
<..# ♣♣..♣
♣.♣ .###
♣..♣♣ ♣.♣
÷###♣♣♣ ♣♣..♣
♣.♣ >#....♣
♣♣.♣♣♣.♣
...#♣.♣♣
♣.♣...♣
...#♣..♣♣♣
♣..)..♣♣
.###♣♣...♣♣♣♣
♣♣.....♣♣


You could see an adder.

Vanquished Creatures
  An adder (D:2)
  An ooze (D:1)
  A leopard gecko (D:2)
  4 giant cockroaches
  A goblin (D:1)
  5 hobgoblins (D:1)
  2 jackals (D:1)
  8 kobolds
  9 bats
  2 frilled lizards (D:1)
  2 rats (D:1)
36 creatures vanquished.

Notes
Turn   | Place    | Note
-------+----------+-------------------------------------------
     0 | D:1      | DildoBatman the Formicid Wizard began the quest for the
                  | Orb.
     0 | D:1      | Reached XP level 1. HP: 13/13 MP: 4/4
     8 | D:1      | Reached skill level 1 in Conjurations
   239 | D:1      | Reached XP level 2. HP: 19/19 MP: 1/6
   683 | D:1      | Reached XP level 3. HP: 24/24 MP: 0/7
   702 | D:1      | Learned a level 3 spell: Conjure Flame
   706 | D:1      | Learned a level 3 spell: Mephitic Cloud
  1680 | D:2      | Reached XP level 4. HP: 21/30 MP: 1/8
  1697 | D:2      | Gained mutation: Your magical capacity is low. (-10% MP)
                  | [potion of mutation]
  1697 | D:2      | Gained mutation: Your flesh is cold resistant. (rC+)
                  | [potion of mutation]
  1703 | D:2      | Slain by an adder

Levels and vault maps discovered:
D:1:      erik_arrival_cave_to_civilisation [erik_arrival_cave_to_hall],
          layout_basic
D:2:      kb_forest_paths, layout_loops_cross, first_ration

Skill      XL: |  1  2  3 |
---------------+----------+-----
Conjurations   | 1 2 3 |  3.2
Dodging        | |  1.7
Stealth        | |  2.4
Spellcasting   | |  3.2
Summonings     | |  1.0
Translocations | |  0.8

Action                   |  1- 3 |  4- 6 || total
-------------------------+-------+-------++-------
Melee: Short sword       |     8 |       ||     8
 Cast: Magic Dart        |    90 |     5 ||    95
  Use: Potion            |       |     2 ||     2
  Eat: Chunk             |     2 |       ||     2
Armor: Robe              |     5 |     1 ||     6
Dodge: Dodged            |    11 |     7 ||    18
